 Dungeon Crawl Stone Soup version 0.19-a0-867-g949743d (webtiles) character file.

749837 Gorice the Demonic Blade (level 27, -30/278 HPs)
             Began as a Demonspawn Abyssal Knight on June 24, 2016.
             Was the Champion of Lugonu.
             Annihilated by a titanic slime creature (56 damage)
             ... on level 5 of the Pits of Slime on July 3, 2016.
             The game lasted 10:34:55 (83542 turns).

Gorice the Demonic Blade (DsAK)                    Turns: 83542, Time: 10:34:56

Health: -30/278    AC: 18    Str: 17    XL:     27
Magic:  0/40       EV: 24    Int: 19    God:    Lugonu [******]
Gold:   7958       SH:  0    Dex: 16    Spells: 9 memorised, 28 levels left

rFire  . . .     SeeInvis +     a - +8 autumn katana {slice, Clar}
rCold  . . .     Gourm    .     J - +10 pearl dragon armour
rNeg   + . .     Faith    .     (no shield)
rPois  +         Spirit   +     (helmet unavailable)
rElec  .         Dismiss  .     E - +2 cloak {MR+}
rCorr  .         Reflect  .     O - +3 pair of gloves of the Nightingale {Regen+}
SustAt .         Harm     .     K - +1 pair of boots
MR     +++..     Clarity  +     b - amulet of regeneration
Stlth  +.........               m - +6 ring of slaying
                                g - +5 ring of slaying

@: corroded, very slightly contaminated, glowing, repel missiles, extremely
resistant to hostile enchantments, very unstealthy
A: antennae 3, slimy green scales 3, camouflage 1, berserk 1, blurry vision 1,
powered by death 3, robust 3, magic shield, magic regeneration, magic link,
subdued magic 1
a: Depart the Abyss, Bend Space, Banish, Corrupt, Enter the Abyss, Brand Weapon
With Distortion, Renounce Religion
}: 4/15 runes: decaying, serpentine, silver, abyssal


You were on level 5 of the Pits of Slime.
You worshipped Lugonu.
Lugonu was exalted by your worship.
You were not hungry.

You visited 12 branches of the dungeon, and saw 57 of its levels.
You visited the Abyss 2 times.
You also visited: Ice Cave and Wizlab.

You collected 9883 gold pieces.
You spent 1925 gold pieces at shops.

Inventory:

Hand Weapons
 a - the +8 autumn katana (weapon) {slice, Clar}
   (You found it on level 1 of the Swamp)

   It inflicts extra damage upon your enemies.
   It protects you against confusion.
 A - a +9 triple sword of slicing
   (You acquired it on level 1 of the Lair of Beasts)
Missiles
 h - 34 javelins (quivered)
Armour
 E - a +2 cloak of magic resistance (worn)
   (You found it on level 3 of the Elven Halls)
 J - a +10 pearl dragon armour (worn)
 K - a +1 pair of boots (worn)
 O - the +3 pair of gloves of the Nightingale (worn) {Regen+}
   (You found it on level 2 of the Vaults)

   It increases your rate of regeneration.
Rods
 I - a +9 rod of inaccuracy (13/13) {!a}
   (You took it off a deep elf death mage on level 3 of the Elven Halls)
 T - a +4 rod of ignition (11/11) {!a}
   (You took it off a tengu reaver on level 4 of the Depths)
Jewellery
 b - an amulet of regeneration (around neck)
 g - a +5 ring of slaying (left hand)
 m - a +6 ring of slaying (right hand)
 t - the ring "Upriuhe" {Fire rN+ MR+ Str+5}
   (You found it on level 14 of the Dungeon)

   [ring of fire]

   It enhances your fire magic, and weakens your ice magic.
   It affects your strength (+5).
   It protects you from fire.
   It makes you vulnerable to cold.
   It protects you from negative energy.
   It affects your resistance to hostile enchantments.
 w - an uncursed ring of protection from magic
 L - an uncursed ring of protection from fire
 S - an uncursed ring of protection from cold
Wands
 c - a wand of disintegration (12/24)
 x - a wand of digging (6/24)
 z - a wand of teleportation (3/9) {!d}
 G - a wand of heal wounds (5/9) {!d}
 M - a wand of heal wounds (0/9) {!d}
Scrolls
 i - 3 scrolls of summoning {!r}
 j - 4 scrolls of blinking
 k - 11 scrolls of teleportation {!r}
 l - 24 scrolls of remove curse
 p - 13 scrolls of identify
 s - 3 scrolls of fog
 v - 3 scrolls of fear {!r}
 D - 4 scrolls of magic mapping {!r}
Potions
 d - 2 potions of resistance {!q}
 e - 7 potions of agility {!q}
 f - 6 potions of might {!q}
 n - 17 potions of curing
 q - 5 potions of cancellation {!q}
 C - 5 potions of haste {!q}
 F - 3 potions of heal wounds {!q}
Miscellaneous
 o - 3 sacks of spiders
 y - a fan of gales
Comestibles
 r - 25 meat rations {!e}
 H - 35 fruits


   Skills:
 + Level 17.0 Fighting
 - Level 24.0 Long Blades
 - Level 22.0 Armour
 - Level 22.0 Dodging
 - Level 13.0 Spellcasting
 - Level 16.1 Charms
 + Level 9.7 Summonings
 - Level 6.0 Translocations
 + Level 9.5 Air Magic
 - Level 9.0 Invocations
 - Level 12.1 Evocations


You had 28 spell levels left.
You knew the following spells:

 Your Spells              Type           Power        Failure   Level  Hunger
a - Airstrike             Air            #####.....   1%          4    #......
r - Recall                Summ/Tloc      N/A          1%          3    None
A - Apportation           Tloc           ####......   1%          1    None
B - Summon Butterflies    Summ           #####...     1%          1    None
H - Haste                 Chrm           ######..     1%          6    ######.
J - Blink                 Tloc           N/A          1%          2    None
M - Repel Missiles        Chrm/Air       #####.       1%          2    None
R - Regeneration          Chrm/Necr      ####......   1%          3    None
S - Swiftness             Chrm/Air       #####...     1%          2    None


Dungeon Overview and Level Annotations

Branches:
Dungeon (15/15)            Temple (1/1) D:4            Lair (6/6) D:9
  Swamp (4/4) Lair:4        Snake (4/4) Lair:2        Slime (5/5) Lair:6
    Orc (2/2) D:12            Elf (3/3) Orc:2        Vaults (5/5) D:13
  Crypt (3/3) Vaults:3       Tomb (0/3) Crypt:3      Depths (5/5) D:15
    Zot (4/5) Depths:5

Altars:
Ashenzari
Cheibriados
Dithmenos
Elyvilon
Fedhas
Gozag
Hepliaklqana
Kikubaaqudgha
Makhleb
Nemelex Xobeh
Okawaru
Pakellas
Qazlal
Ru
Sif Muna
Trog
Uskayaw
Vehumet
Xom
Yredelemnul
Zin
The Shining One

Shops:
Orc:2 *!!?   Elf:1 (   Snake:1 ?   Vaults:3 (   Vaults:5 !   Depths:1 }
Depths:2 [

Portals:
Hell: Depths:1 Depths:2 Depths:3 Depths:4 Depths:5
Abyss: Depths:1 Depths:2 Depths:4
Pandemonium: Depths:3 Depths:4
Ziggurat: Depths:4

Annotations:
Crypt:2 vpUX: runed gswd ?ID on island


Innate Abilities, Weirdness & Mutations

You have a pair of large antennae on your head. (SInv)
You are completely covered in slimy green scales. (AC +4, rPois)
You regenerate a lot of health from kills.
You are extremely robust. (+30% HP)
When hurt, damage is shared between your health and your magic reserves.
You regenerate magic rapidly.
When low on magic, you restore magic in place of health.
Your skin changes colour to match your surroundings (Stealth+).
You tend to lose your temper in combat.
Scrolls take you a little longer to read.
Your spells are a little easier to cast, but a little less powerful.


Message History

The eye of devastation gazes at you. The bolt of energy misses you.
A golden eye comes into view.
Unknown command.
Unknown command.
Unknown command.
Evoke which item? (* to show all) (? for menu, Esc to quit)
Zapping:
M - a wand of heal wounds (2/9) {!d}
Press: ? - help, Shift-Dir - straight line, f - you You feel much better.
This wand has 1 charge left.
The slime creature misses you.
You riposte.
You slash the slime creature!
The slime creature is moderately wounded.
The acid blob spits acid at you. The splash of acid hits you!
* * * LOW HITPOINT WARNING * * *
The acid burns!
* * * LOW HITPOINT WARNING * * *
Two slime creatures merge to form a large slime creature.
Two slime creatures merge to form a titanic slime creature.
Damage: 5 (max 54) Unknown command.
Unknown command.
Evoke which item? (* to show all) (? for menu, Esc to quit)
Zapping:
M - a wand of heal wounds (1/9) {!d}
Press: ? - help, Shift-Dir - straight line, f - you
Okay, then.
Unknown command.
Unknown command.
Evoke which item? (* to show all) (? for menu, Esc to quit)
Zapping:
M - a wand of heal wounds (1/9) {!d}
Press: ? - help, Shift-Dir - straight line, f - you You feel much better.
This wand has 0 charges left.
The acid blob hits you!!
* * * LOW HITPOINT WARNING * * *
You are splashed with acid!
The acid corrodes you!
The acid burns!
* * * LOW HITPOINT WARNING * * *
The titanic slime creature barely misses you.
The acid blob hits you.
* * * LOW HITPOINT WARNING * * *
You are splashed with acid!
The acid burns!
* * * LOW HITPOINT WARNING * * *
Damage: 17 (max 54) Unknown command.
Unknown command.
Unknown command.
Evoke which item? (* to show all) (? for menu, Esc to quit)
Zapping:
G - a wand of heal wounds (6/9) {!d}
Press: ? - help, Shift-Dir - straight line, f - you You feel much better.
This wand has 5 charges left.
The titanic slime creature hits you!!!
You die...

..........G....
................
................
.................#
.................#
.................##
..................#
.......JJJ.......##
.......@JJ........#
........G........#
.................#
.................##
...................#
..................###
...................#
....................#
.......................#


You could see 2 acid blobs, a titanic slime creature, an enormous slime
creature, a large slime creature and an eye of devastation.

Vanquished Creatures
  Khufu (Crypt:1)
  Mennas (Depths:3)
  An orb of fire (Zot:2)
  Mara (Depths:1)
  2 greater mummies (Crypt:2)
  Boris (Crypt:2)
  Margery (Crypt:2)
  3 curse toes
  A Killer Klown (Zot:4)
  15 golden dragons
  7 caustic shrikes
  The ghost of Ijustatesigmund the Blocker, a veteran FoFi of Cheibriados (Elf:3)
  7 bone dragons
  A Hellbinder (WizLab)
  Jory (Crypt:2)
  3 electric golems
  23 tentacled monstrosities
  16 liches
  Asterion (Snake:1)
  13 titans
  5 quicksilver dragons
  3 deep elf blademasters
  6 acid blobs
  2 deep elf master archers (Elf:3)
  3 ancient champions
  An Executioner (Abyss:3)
  10 sphinxes
  Gastronok (Lair:1)
  5 tentacled starspawn (Abyss:1)
  9 death cobs
  15 shadow dragons
  19 storm dragons
  2 draconian monks (Zot:2)
  6 thorn hunters
  Roxanne (D:15)
  8 tengu reavers
  11 fire giants
  8 greater nagas
  3 azure jellies
  6 revenants
  A balrug (Depths:1)
  12 deep elf sorcerers
  18 vault wardens
  A draconian scorcher (Zot:1)
  13 frost giants
  Donald (Crypt:1)
  5 draconian shifters
  3 curse skulls
  2 ghost moths
  7 draconian zealots
  7 draconian knights
  2 angels
  An orc warlord (Vaults:2)
  Aizul (Swamp:1)
  20 ironheart preservers
  15 ghouls
  5 deep elf elementalists
  A spriggan defender (Depths:3)
  27 very ugly things
  A reaper (WizLab)
  3 war gargoyles (Vaults:5)
  19 stone giants
  2 draconian callers
  13 vampire knights
  5 green draconians
  9 black draconians
  6 red draconians
  7 white draconians
  6 yellow draconians
  11 deep elf demonologists
  6 spark wasps
  8 deep elf annihilators
  6 purple draconians
  A lorocyproca (Abyss:3)
  2 dire elephants
  7 mottled draconians
  A spectral titan (Crypt:3)
  8 eidola
  A green death (WizLab)
  A blizzard demon (WizLab)
  15 deep elf death magi
  2 crystal guardians (Vaults:5)
  A minotaur (shapeshifter) (Vaults:5)
  7 ettins
  3 death oozes
  Josephine (Swamp:1)
  4 jiangshi (Crypt:1)
  28 fire dragons
  9 great orbs of eyes
  8 deep elf high priests
  Harold (Lair:2)
  7 rakshasas
  A great orb of eyes (shapeshifter) (Vaults:5)
  30 hydras
  27 yaktaur captains
  33 vault guards
  A hell beast (WizLab)
  19 ice dragons
  9 death knights
  A ghost crab (shapeshifter) (Elf:2)
  An anaconda (shapeshifter) (Zot:2)
  7 spriggan air magi
  2 catoblepae
  16 naga warriors
  14 centaur warriors
  32 dancing weapons
  A queen ant (shapeshifter) (Vaults:5)
  2 ghost crabs
  6 death yaks
  An alligator snapping turtle (shapeshifter) (Depths:4)
  4 vampire magi
  15 anacondas
  21 ogre magi
  19 deep troll earth magi
  14 deep troll shamans
  A death yak (shapeshifter) (Vaults:5)
  7 alligators
  11 tengu warriors
  A hell hog (Abyss:1)
  5 orc high priests
  A hellephant zombie (Crypt:3)
  3 sun demons (WizLab)
  12 naga sharpshooters
  8 shock serpents
  10 spriggan berserkers
  8 thrashing horrors
  Urug (Lair:1)
  21 deep elf knights
  Nergalle (Abyss:1)
  5 iron trolls
  3 wretched stars
  3 fire crabs
  A titan skeleton (Crypt:3)
  31 hell knights
  4 soul eaters
  18 skeletal warriors
  5 salamander mystics
  A spectral catoblepas (Crypt:3)
  8 shadow wraiths
  22 small abominations
  2 spatial maelstroms
  42 deep trolls
  2 spriggan druids (Swamp:4)
  An entropy weaver zombie (Crypt:3)
  3 unseen horrors
  3 giant orange brains
  8 naga ritualists
  A giant orange brain (shapeshifter) (Depths:1)
  A shadow dragon zombie (Abyss:1)
  A quicksilver dragon simulacrum (Abyss:2)
  A ghost moth zombie (Crypt:1)
  3 sea snakes
  2 storm dragon skeletons
  5 swamp dragons
  13 flayed ghosts
  36 phantasmal warriors
  10 necromancers
  2 harpies (shapeshifter) (Depths:1)
  14 deep elf archers
  11 ironbrand convokers
  7 hill giants
  8 orc sorcerers
  4 wizards
  12 orc knights
  An anubis guard (shapeshifter) (D:14)
  Pikel (D:3)
  5 harpies
  A tengu skeleton (Depths:1)
  13 mana vipers
  A stone giant zombie (Crypt:1)
  A fire giant zombie (Abyss:3)
  19 salamanders
  2 shining eyes
  3 hornets
  43 ugly things
  A frost giant zombie (Abyss:1)
  66 deep elf magi
  22 moths of wrath
  A manticore (D:11)
  2 sixfirhies
  A spectral ettin (Crypt:3)
  A worldbinder (Abyss:3)
  5 cyclopes
  6 griffons
  2 moths of wrath (shapeshifter)
  An oklob plant (Lair:6)
  A dire elephant zombie (Abyss:2)
  Joseph (D:8)
  An apocalypse crab (Abyss:3)
  A manticore (shapeshifter) (Depths:1)
  A black mamba (shapeshifter) (D:15)
  2 stone giant skeletons
  An eye of devastation (shapeshifter) (Depths:1)
  Maurice (D:10)
  An ice statue (IceCv)
  An apis skeleton (Crypt:1)
  37 black mambas
  A centaur zombie (D:11)
  21 elephants
  A water nymph (shapeshifter) (Abyss:3)
  7 guardian serpents
  A guardian serpent (shapeshifter) (Vaults:5)
  18 vault sentinels
  4 smoke demons
  2 eyes of devastation
  32 naga magi
  A gargoyle (D:12)
  14 spiny frogs
  5 orange demons
  3 hellions
  71 yaktaurs
  5 rime drakes
  7 komodo dragons
  A kobold demonologist (WizLab)
  A pale draconian zombie (Crypt:1)
  13 freezing wraiths
  2 red draconian skeletons (Crypt:2)
  6 hellwings
  4 efreet
  5 ancient zymes
  4 ice devils
  5 tengu conjurers
  19 polar bears
  2 tormentors
  14 trolls
  5 red devils
  40 two-headed ogres
  A queen bee (D:8)
  A queen bee (shapeshifter) (Zot:2)
  An iron troll skeleton (Crypt:1)
  A jumping spider (Vaults:1)
  58 slime creatures
  6 giant leeches
  21 blink frogs
  A harpy skeleton (Crypt:1)
  A wind drake (shapeshifter) (D:15)
  5 boulder beetles
  12 raiju
  12 bog bodies
  3 ettin zombies
  2 blink frogs (shapeshifter)
  A frost giant simulacrum (Crypt:1)
  10 spriggans
  23 starcursed masses
  14 flying skulls
  Sigmund (D:6)
  2 vampires
  13 air elementals
  14 shadows
  An ettin skeleton (Crypt:1)
  A guardian serpent skeleton (Crypt:3)
  54 yaks
  2 humans (shapeshifter)
  2 wyverns
  5 water elementals
  8 redbacks
  2 fire bats (shapeshifter)
  A spriggan (shapeshifter) (D:15)
  8 ynoxinuls
  2 tarantellas (shapeshifter)
  27 wraiths
  10 hungry ghosts
  A black mamba skeleton (Crypt:2)
  5 fire elementals
  10 fire bats
  4 basilisks
  14 hippogriffs
  A hippogriff (shapeshifter) (Depths:5)
  A wind drake skeleton (Crypt:1)
  A basilisk (shapeshifter) (D:13)
  3 yaktaur simulacra
  2 humans (D:11)
  9 golden eyes
  6 mottled dragons
  10 chaos spawn
  38 vampire mosquitoes
  10 neqoxecs
  24 swamp worms
  2 spatial vortices (Abyss:3)
  A soldier ant (shapeshifter) (Depths:2)
  12 insubstantial wisps
  52 nagas
  A swamp worm (shapeshifter) (Vaults:5)
  5 wargs
  A merfolk zombie (Crypt:1)
  A water nymph zombie (Crypt:3)
  8 water moccasins
  A faun skeleton (Crypt:2)
  3 giant eyeballs
  19 large abominations
  4 porcupines
  2 hell hounds (shapeshifter)
  A porcupine (shapeshifter) (Vaults:5)
  6 ice beasts
  A torturous demonspawn skeleton (Crypt:3)
  13 swamp drakes
  10 black bears
  3 hell hounds
  41 orc warriors
  12 wasps
  A hornet simulacrum (D:14)
  2 phantoms
  4 sky beasts
  6 necrophages
  66 ogres
  An eye of draining (shapeshifter) (Depths:1)
  2 snapping turtle zombies
  6 eyes of draining
  An elephant skeleton (Crypt:2)
  14 boggarts
  38 wolves
  31 centaurs
  18 crocodiles
  6 big kobolds
  19 giant frogs
  3 wyvern zombies
  A gnoll sergeant (D:12)
  2 earth elementals (Elf:3)
  A wyvern skeleton (D:15)
  3 scorpions
  34 killer bees
  A killer bee (shapeshifter) (Depths:4)
  A hippogriff zombie (Crypt:2)
  12 wights
  A polar bear skeleton (Crypt:1)
  6 electric eels
  5 howler monkeys
  15 crimson imps
  5 centaur skeletons
  A giant frog zombie (D:12)
  7 hounds
  17 orc priests
  5 quasits
  2 gnoll shamans
  4 jellies
  34 orc wizards
  7 iron imps
  A giant frog skeleton (D:6)
  6 iguanas
  15 worker ants
  25 sheep
  A big kobold zombie (Crypt:3)
  A mummy (Crypt:1)
  2 hound zombies
  A hound skeleton (D:4)
  A worker ant zombie (D:8)
  17 gnolls
  48 river rats
  14 adders
  6 shadow imps
  2 white imps (Abyss:1)
  An ufetubus (Abyss:1)
  A halfling skeleton (Crypt:2)
  A worm zombie (Crypt:3)
  2 adder zombies
  10 worms
  4 dart slugs
  7 giant geckos
  102 orcs
  14 bats
  2 giant cockroaches (D:6)
  3 goblins
  7 hobgoblins
  4 jackals
  34 kobolds
  5 quokkas
  3 ball pythons
  A giant gecko skeleton (D:4)
  A giant gecko zombie (D:6)
  6 giant newts
  A giant newt skeleton (Crypt:1)
  A goblin zombie (Crypt:1)
  An orc skeleton (Crypt:3)
  A quokka zombie (D:6)
  8 rats
  5 briar patches (Swamp:4)
  A crawling corpse (Vaults:5)
  2 fungi
  A lurking horror (Abyss:1)
  3 starspawn tentacles (Abyss:1)
3212 creatures vanquished.

Vanquished Creatures (collateral kills)
  A purple draconian (Zot:2)
  A white draconian (Zot:2)
  An ice dragon (Zot:2)
3 creatures vanquished.

Vanquished Creatures (others)
  The ghost of tstbtto the Severer, an adept DDFi of Yredelemnul (Snake:4)
  The ghost of tstbtto the Severer, an adept DDFi of Yredelemnul (Vaults:1)
  A shadow dragon (Depths:5)
  A fire giant (Zot:2)
  A deep elf elementalist (Elf:3)
  A vampire knight (Depths:3)
  A rakshasa (Depths:3)
  The ghost of tstbtto the Cleaver, a journeyman DDFi of Yredelemnul (D:9)
  A spriggan berserker (Swamp:4)
  A deep elf mage (Elf:2)
  A tengu conjurer (Depths:3)
  2 two-headed ogres
  A golden eye (Slime:5)
  A chaos spawn (Abyss:1)
  A naga (Snake:4)
  A large abomination (Abyss:3)
  2 ogres
  2 centaurs (D:15)
  An orc priest (D:12)
  An orc wizard (Orc:2)
  A briar patch (Swamp:4)
  14 fungi
  2 lurking horrors
  12 plants
  9 starspawn tentacles (Abyss:1)
  18 starspawn tentacle segments (Abyss:1)
79 creatures vanquished.

Grand Total: 3294 creatures vanquished

Notes
Turn   | Place    | Note
-------+----------+-------------------------------------------
     0 | Abyss:1  | Gorice the Demonspawn Abyssal Knight began the quest for the Orb.
     0 | Abyss:1  | Reached XP level 1. HP: 18/18 MP: 2/2
    11 | D:1      | Escaped the Abyss
    14 | D:1      | Noticed a halfling
    14 | D:1      | Noticed a centaur
    16 | D:1      | Noticed a naga
    16 | D:1      | Noticed a gargoyle
    18 | D:1      | Noticed a vine stalker
    18 | D:1      | Noticed an octopode
    20 | D:1      | Noticed a tengu
    22 | D:1      | Noticed a troll
    22 | D:1      | Noticed an elf
    24 | D:1      | Noticed a dwarf
    24 | D:1      | Noticed a draconian
    26 | D:1      | Noticed a ghoul
    26 | D:1      | Noticed a spriggan
    28 | D:1      | Noticed a felid
    30 | D:1      | Noticed a vampire
    32 | D:1      | Noticed a formicid
    32 | D:1      | Noticed an ogre
    34 | D:1      | Noticed a human
    36 | D:1      | Noticed a demonspawn
    36 | D:1      | Noticed a merfolk
    38 | D:1      | Noticed a minotaur
    38 | D:1      | Noticed a demigod
    72 | D:1      | Reached skill level 2 in Long Blades
    89 | D:1      | HP: 5/18 [rat (1)]
   324 | D:1      | Gained mutation: When hurt, damage is shared between your health and your magic reserves. [demonic ancestry]
   324 | D:1      | Reached XP level 2. HP: 13/24 MP: 3/3
   653 | D:1      | Reached skill level 3 in Long Blades
  1327 | D:2      | Gained mutation: You are partially covered in slimy green scales. (AC +2) [demonic ancestry]
  1327 | D:2      | Reached XP level 3. HP: 25/29 MP: 2/4
  1640 | D:2      | Reached ** piety under Lugonu
  1984 | D:2      | Gained mutation: You have a pair of small antennae on your head. [demonic ancestry]
  1984 | D:2      | Reached XP level 4. HP: 26/35 MP: 3/5
  2061 | D:2      | Reached skill level 4 in Long Blades
  2889 | D:3      | Reached *** piety under Lugonu
  2994 | D:3      | Gained mutation: You are mostly covered in slimy green scales. (AC +3) [demonic ancestry]
  2994 | D:3      | Reached XP level 5. HP: 40/41 MP: 6/6
  3159 | D:4      | Noticed a phantom
  3232 | D:4      | Killed a phantom
  3232 | D:4      | Reached skill level 5 in Long Blades
  3339 | D:4      | Noticed a slave
  3349 | D:4      | Noticed a slave
  3350 | D:4      | Noticed Pikel
  3351 | D:4      | Noticed a slave
  3352 | D:4      | Noticed a slave
  3387 | D:3      | Killed Pikel
  3387 | D:3      | Reached skill level 7 in Long Blades
  3387 | D:3      | Gained mutation: You regenerate a little health from kills. [demonic ancestry]
  3387 | D:3      | Reached XP level 6. HP: 32/47 MP: 5/7
  3387 | D:3      | Gained mutation: You have a pair of antennae on your head. [demonic ancestry]
  3387 | D:3      | Reached XP level 7. HP: 36/52 MP: 5/8
  3388 | D:3      | --wow 2 levels for killing Pikel!
  3746 | D:4      | Reached skill level 8 in Long Blades
  3944 | D:4      | Found a staircase to the Ecumenical Temple.
  3975 | Temple   | Entered the Ecumenical Temple
  4415 | D:5      | Entered Level 5 of the Dungeon
  4641 | D:5      | Reached XP level 8. HP: 53/58 MP: 7/9
  5344 | D:6      | Reached skill level 9 in Long Blades
  5775 | D:6      | Noticed Sigmund
  5790 | D:6      | Killed Sigmund
  5896 | D:6      | Reached **** piety under Lugonu
  5956 | D:6      | Reached skill level 10 in Long Blades
  6249 | D:6      | Reached skill level 2 in Armour
  6600 | D:7      | Found a radiant altar of Vehumet.
  6778 | D:7      | HP: 16/58 [orc warrior/trident (5)]
  6787 | D:7      | Reached skill level 3 in Armour
  6787 | D:7      | Reached XP level 9. HP: 18/63 MP: 6/10
  7560 | D:8      | Reached skill level 11 in Long Blades
  7560 | D:8      | Paralysed by fainting for 6 turns
  7755 | D:7      | Reached skill level 4 in Armour
  7912 | D:8      | Noticed Joseph
  7940 | D:8      | Killed Joseph
  7940 | D:8      | Reached ***** piety under Lugonu
  7947 | D:8      | Upgraded the game from 0.19-a0-749-g66ae36b to 0.19-a0-753-gae73b43
  8311 | D:8      | HP: 18/63 [killer bee (2)]
  8316 | D:8      | HP: 18/63 [poisoned by a killer bee]
  8421 | D:8      | Reached skill level 5 in Armour
  8603 | D:8      | HP: 17/63 [killer bee (2)]
  8609 | D:8      | HP: 14/63 [poisoned by a killer bee]
  8614 | D:8      | HP: 15/63 [poisoned by a killer bee]
  8621 | D:8      | HP: 17/63 [poisoned by a killer bee]
  8811 | D:8      | Noticed a queen bee
  8822 | D:8      | Killed a queen bee
  8822 | D:8      | Reached skill level 12 in Long Blades
  8883 | D:8      | Gained mutation: You regenerate health from kills. [demonic ancestry]
  8883 | D:8      | Reached XP level 10. HP: 48/70 MP: 8/11
  9889 | D:8      | Reached skill level 6 in Armour
  9982 | D:9      | Found a staircase to the Lair.
 10294 | D:9      | Learned a level 2 spell: Repel Missiles
 10327 | D:9      | Noticed tstbtto's ghost (journeyman DDFi)
 10534 | D:9      | Reached skill level 3 in Invocations
 10959 | D:9      | Reached skill level 4 in Invocations
 11043 | D:8      | Reached skill level 7 in Armour
 11043 | D:8      | Reached skill level 5 in Invocations
 11091 | D:9      | Banished tstbtto's ghost
 11091 | D:9      | Reached skill level 6 in Invocations
 11298 | Lair:1   | Entered Level 1 of the Lair of Beasts
 11298 | Lair:1   | Noticed Gastronok
 11317 | D:10     | Entered Level 10 of the Dungeon
 11414 | D:10     | Noticed Sonja
 11585 | D:10     | Reached skill level 7 in Invocations
 11674 | D:10     | Noticed a hill giant
 11693 | D:10     | Killed a hill giant
 11693 | D:10     | Reached skill level 8 in Armour
 11693 | D:10     | Gained mutation: You are completely covered in slimy green scales. (AC +4, rPois) [demonic ancestry]
 11693 | D:10     | Reached XP level 11. HP: 33/75 MP: 7/16
 11830 | D:10     | Noticed Nergalle
 11832 | D:10     | Banished Nergalle
 11927 | D:10     | Reached skill level 8 in Invocations
 12110 | D:10     | HP: 20/75 [orc warrior/long sword of holy wrath (8)]
 12265 | D:10     | Noticed Sonja
 12265 | D:10     | Sonja changed into Sonja the black bear
 12271 | D:10     | Killed Sonja the black bear
 12291 | D:10     | Noticed Maurice
 12328 | D:10     | Killed Maurice
 12509 | D:10     | Reached skill level 9 in Invocations
 12648 | D:10     | Reached skill level 9 in Armour
 12895 | D:11     | Found an iron altar of Okawaru.
 12922 | D:11     | Noticed a red ugly thing
 12942 | D:11     | Killed a red ugly thing
 12942 | D:11     | Reached skill level 4 in Fighting
 13212 | Lair:1   | Killed Gastronok
 13212 | Lair:1   | Reached skill level 5 in Fighting
 13349 | Lair:1   | Reached skill level 10 in Armour
 13357 | Lair:1   | Reached skill level 6 in Fighting
 13483 | Lair:1   | Noticed Urug
 13507 | Lair:1   | Killed Urug
 13507 | Lair:1   | Reached XP level 12. HP: 89/89 MP: 14/18
 13576 | Lair:1   | Reached ****** piety under Lugonu
 13609 | Lair:1   | Noticed a six-headed hydra
 13628 | Lair:1   | Killed a one-headed hydra
 13674 | Lair:1   | Reached skill level 7 in Fighting
 13973 | Lair:1   | Noticed a four-headed hydra
 13982 | Lair:1   | Killed a one-headed hydra
 14184 | Lair:1   | Reached skill level 11 in Armour
 14189 | Lair:1   | Reached skill level 8 in Fighting
 14391 | Lair:1   | Got a smoking dagger
 14428 | Lair:1   | Identified a scroll of acquirement
 14559 | Lair:2   | Noticed Harold
 14577 | Lair:2   | Killed Harold
 14663 | Lair:2   | Found a staircase to the Snake Pit.
 14811 | Lair:2   | Noticed a four-headed hydra
 15205 | Lair:2   | Killed a one-headed hydra
 15205 | Lair:2   | Reached skill level 9 in Fighting
 15997 | Lair:3   | Noticed a catoblepas
 16012 | Lair:3   | Killed a catoblepas
 16311 | Lair:3   | Reached skill level 12 in Armour
 16571 | Lair:4   | Reached skill level 10 in Fighting
 16683 | Lair:4   | Noticed Nessos
 16691 | Lair:4   | Noticed Nessos
 16691 | Lair:4   | Nessos changed into Nessos the sea snake
 16713 | Lair:4   | Killed Nessos the sea snake
 16713 | Lair:4   | Gained mutation: You are robust. (+10% HP) [demonic ancestry]
 16713 | Lair:4   | Reached XP level 13. HP: 67/113 MP: 12/19
 17055 | Lair:4   | --Wow: Pearl dragon hide!
 17153 | Lair:4   | Found a staircase to the Swamp.
 17567 | Lair:4   | Noticed a dire elephant
 17621 | Lair:3   | Killed a dire elephant
 17750 | Lair:4   | Reached skill level 13 in Long Blades
 18208 | Lair:5   | Reached skill level 13 in Armour
 19354 | Lair:6   | Entered Level 6 of the Lair of Beasts
 19595 | Lair:6   | Found a staircase to the Slime Pits.
 19741 | Lair:6   | Gained mutation: You have a pair of large antennae on your head. (SInv) [demonic ancestry]
 19741 | Lair:6   | Reached XP level 14. HP: 118/121 MP: 10/20
 19833 | Lair:6   | Reached skill level 14 in Long Blades
 19901 | Lair:6   | Reached skill level 1 in Dodging
 20497 | Lair:5   | Reached skill level 2 in Dodging
 20550 | Lair:6   | Reached skill level 14 in Armour
 21020 | Lair:6   | Reached skill level 3 in Dodging
 21860 | D:11     | Got an encrusted ring mail
 21861 | D:11     | Identified the cursed +0 ring mail of Subjectivity {MP+9} (You found it on level 11 of the Dungeon)
 22106 | D:12     | Found a staircase to the Orcish Mines.
 22120 | D:12     | Reached skill level 4 in Dodging
 22265 | D:12     | Reached skill level 11 in Fighting
 22752 | D:12     | Noticed a fire giant
 22802 | D:12     | Killed a fire giant
 23061 | D:12     | Noticed a frost giant
 23081 | D:12     | Killed a frost giant
 23132 | D:12     | Got a brightly glowing whip {vamp}
 23148 | D:12     | Got a shimmering pewter amulet
 23263 | D:12     | Reached skill level 5 in Dodging
 23336 | D:12     | Noticed a storm dragon
 23339 | D:12     | Noticed a fire giant
 23369 | D:12     | Killed a storm dragon
 23375 | D:12     | HP: 19/124 [fire giant/fireball (24)]
 23377 | D:12     | Killed a fire giant
 23478 | D:12     | Identified the amulet of Symmetry {RegenMP rC+ Dex+2} (You took it off a kobold on level 12 of the Dungeon)
 23525 | D:12     | Got a crystal great sword
 23526 | D:12     | Identified the +1 great sword "Spiderslayer" {slice, MR+ SInv Stlth+} (You found it on level 12 of the Dungeon)
 23548 | D:12     | Identified Sif Muna's Tome of Displaced Clay
 23876 | Orc:1    | Entered Level 1 of the Orcish Mines
 24089 | D:12     | Saki: some hardcore inventory management right here
 24091 | D:12     | Gorice: Heh, I'mm just too stingy to waste anything!
 24180 | Orc:2    | Entered Level 2 of the Orcish Mines
 24180 | Orc:2    | Found a bloodstained altar of Trog.
 24192 | Orc:2    | Found a staircase to the Elven Halls.
 24877 | Orc:2    | Reached skill level 6 in Dodging
 24877 | Orc:2    | Gained mutation: You regenerate a lot of health from kills. [demonic ancestry]
 24877 | Orc:2    | Reached XP level 15. HP: 132/132 MP: 21/21
 24878 | Orc:2    | Malvoorn: hi, i'm still a bit of a noob, may I ask a couple of questions? I've been struggling with DsAK as of late
 24878 | Orc:2    | Gorice: Sure, but I'm not a real pro-dude
 24878 | Orc:2    | Gorice: Can't promise I'm playing optimally
 25057 | Orc:2    | Malvoorn: I was wondering why pumping up STR if your weapon of choice was long blades, since they tend to be on the lower str weight side
 25060 | Orc:2    | Gorice: Ah right w things:
 25060 | Orc:2    | Gorice: 1) WRT weapons that's out of date. With all weapons
 25060 | Orc:2    | Gorice: str now increases dam, dex accuracy
 25060 | Orc:2    | Gorice: 2) but it's fairly minimal compared to weapon skill
 25060 | Orc:2    | Gorice: and fighting
 25060 | Orc:2    | Gorice: The real reason to pump str is to be able to wear
 25060 | Orc:2    | Gorice: heavy armour w/out too much EV or casting penalty
 25089 | Orc:2    | Malvoorn: I see, thank you very much
 25137 | Orc:2    | Saki: I havent played in a couple years. Is Mermaid Crusader still good? My first 15 runer.
 25170 | Orc:2    | Gorice: Wow that's a while ago!
 25170 | Orc:2    | Gorice: Crusader has now become Skald - personally I'd say
 25170 | Orc:2    | Gorice: not as good as old crusader.
 25170 | Orc:2    | Gorice: Merfolk are still good but I think MfCr were
 25170 | Orc:2    | Saki: They were insanely strong yeah
 25170 | Orc:2    | Gorice: particarly good after the Armour nerf
 25170 | Orc:2    | Saki: Does Skald play similarly?
 25170 | Orc:2    | Saki: Would I want to go heavy armour with a merfolk skald?
 25170 | Orc:2    | Gorice: Yes still lighyly armour figher with spells
 25170 | Orc:2    | Gorice: Spectral weapon is extremely good
 25170 | Orc:2    | Gorice: effectively 2 hits for the price of 1
 25170 | Orc:2    | Malvoorn: with polearm especially
 25170 | Orc:2    | Saki: and Ok still a strong god choice? so many gods now!
 25170 | Orc:2    | Gorice: Yes but depends who you ask
 25170 | Orc:2    | Gorice: I'd say Oka is still good as you get Heroism early
 25170 | Orc:2    | Gorice: which is when you need a buff
 25170 | Orc:2    | Saki: Sounds solid
 25170 | Orc:2    | Gorice: The new dancing god Uska...whatever
 25170 | Orc:2    | Gorice: also seems very strong for melee types
 25175 | Orc:2    | Saki: I'll give both a go. Used to be able to hit Lair every time. I suspect im a bit rusty...
 25178 | Orc:2    | Malvoorn: I have another question about Ds
 25178 | Orc:2    | Gorice: Biggest recent changes are from Lair (down to 6 levels)
 25178 | Orc:2    | Gorice: onwards so you may still find you've got it...
 25454 | Orc:2    | Found Biem's Distillery.
 25469 | Orc:2    | Malvoorn: I don't really like when it get stealth+ mutations, should I try to adapt to a more stealthy playthrough?
 25529 | Orc:2    | Reached skill level 12 in Fighting
 25541 | Orc:2    | Gorice: Good question...
 25541 | Orc:2    | Gorice: I generally only think about it if I get them
 25541 | Orc:2    | Gorice: early
 25541 | Orc:2    | Gorice: Otherwise I just ignore and stick to the plan
 25541 | Orc:2    | Malvoorn: they kind of ruin my mood when they happen
 25541 | Orc:2    | Gorice: Nightstalker can be very good
 25541 | Orc:2    | Gorice: But you do need to get some stabbing or something
 25541 | Orc:2    | Malvoorn: so you wouldn't restart a game for ANY Ds mutation?
 25541 | Orc:2    | Gorice: to make best use of it.
 25541 | Orc:2    | Gorice: Nope, the challenge for me is do as well as poss
 25541 | Orc:2    | Gorice: with what you get
 25541 | Orc:2    | Gorice: It's always interesting to try and figure out
 25541 | Orc:2    | Malvoorn: thank you
 25541 | Orc:2    | Gorice: how to take best advantage
 25541 | Orc:2    | Gorice: but I agree some muts are better than other and
 25541 | Orc:2    | Gorice: some (Demonic Gaurdian) can be really annoying
 25647 | Orc:2    | Malvoorn: uh, another thing comes to mind... the magic shroud thing, should I try to develop some kind of spellcasting if I get that mut?
 25653 | Orc:2    | Malvoorn: or is it still good for a purely melee build?
 25653 | Orc:2    | Gorice: It's good for melee as it's effectively Spirit Sheild
 25653 | Orc:2    | Gorice: which is excellent for melee
 25682 | Orc:2    | Malvoorn: uhm, yeah, it couldn't possibily hurt i imagine
 25682 | Orc:2    | Gorice: It turns your MP into extra HP which is goog
 25682 | Orc:2    | Gorice: good
 25682 | Orc:2    | Gorice: but the rapid MP regen you get with the later stage
 25682 | Orc:2    | Gorice: means it doesn't cripple casting too much
 25704 | Orc:2    | Reached skill level 15 in Armour
 25790 | Orc:2    | Found Kewucuats's General Store.
 26080 | Orc:2    | Found Houtuah's Magic Scroll Shop.
 26081 | Orc:2    | Found Dacziep's Distillery.
 26127 | Orc:2    | Bought 2 potions of agility for 96 gold pieces
 26137 | Orc:2    | Malvoorn: i see
 26139 | Orc:2    | Bought a scroll of silence for 97 gold pieces
 26139 | Orc:2    | Bought 2 scrolls of identify for 52 gold pieces
 26147 | Orc:2    | Bought a potion of heal wounds for 60 gold pieces
 26147 | Orc:2    | Bought a potion of heal wounds for 60 gold pieces
 26147 | Orc:2    | Bought a potion of heal wounds for 60 gold pieces
 26147 | Orc:2    | Bought a potion of haste for 120 gold pieces
 26149 | Orc:2    | Bought 6 curare-tipped needles for 50 gold pieces
 26511 | D:13     | Malvoorn: well, good luck, i'll be on my way now
 26595 | D:13     | Gorice: thx, good lucj
 26602 | D:13     | Found a gate to the Vaults.
 26708 | D:13     | Found a sacrificial altar of Ru.
 27073 | D:14     | Reached skill level 7 in Dodging
 27079 | D:14     | Reached skill level 1 in Charms
 27093 | D:14     | Got a bound bone ring
 27094 | D:14     | Identified the ring "Upriuhe" {Fire rN+ MR+ Str+5} (You found it on level 14 of the Dungeon)
 27385 | D:14     | Reached skill level 1 in Spellcasting
 27720 | D:14     | Found a blossoming altar of Fedhas.
 28009 | Lair:1   | Learned a level 2 spell: Swiftness
 28110 | D:13     | Reached skill level 2 in Charms
 28334 | D:15     | Entered Level 15 of the Dungeon
 28400 | D:15     | Found a frozen archway.
 28415 | D:15     | Reached skill level 2 in Spellcasting
 28433 | IceCv    | Entered an ice cave
 29066 | IceCv    | Reached skill level 3 in Charms
 29139 | IceCv    | Reached skill level 3 in Spellcasting
 29229 | IceCv    | Noticed a frost giant
 29267 | IceCv    | Killed a frost giant
 29267 | IceCv    | Reached skill level 8 in Dodging
 29276 | IceCv    | Reached skill level 13 in Fighting
 29316 | IceCv    | Identified Sif Muna's Almanac of Ashen Poisoning
 29392 | D:15     | Found a shattered altar of Ashenzari.
 29651 | D:15     | Noticed Roxanne
 29855 | D:15     | Reached skill level 4 in Charms
 29858 | D:15     | Reached skill level 4 in Spellcasting
 30013 | D:15     | Reached XP level 16. HP: 144/144 MP: 22/22
 30130 | D:15     | Found a staircase to the Depths.
 30629 | Swamp:1  | Entered Level 1 of the Swamp
 30999 | Swamp:1  | Noticed Josephine
 31017 | Swamp:1  | Killed Josephine
 31220 | Swamp:1  | Reached skill level 5 in Charms
 31359 | Swamp:1  | Noticed Aizul
 31377 | Swamp:1  | Killed Aizul
 31377 | Swamp:1  | Reached skill level 1 in Air Magic
 31701 | Swamp:2  | Noticed a thorn hunter
 31725 | Swamp:2  | Killed a thorn hunter
 31725 | Swamp:2  | Reached skill level 5 in Spellcasting
 31774 | Swamp:2  | Reached skill level 9 in Dodging
 32056 | Swamp:2  | Reached skill level 2 in Air Magic
 32953 | Swamp:3  | --wow +6 ring of slaying!
 32988 | Swamp:3  | Noticed a thorn hunter
 33006 | Swamp:3  | Killed a thorn hunter
 33577 | Swamp:4  | Entered Level 4 of the Swamp
 33729 | Swamp:3  | Reached skill level 6 in Spellcasting
 33729 | Swamp:3  | Reached skill level 3 in Air Magic
 33755 | Swamp:3  | Noticed a thorn hunter
 33783 | Swamp:3  | Killed a thorn hunter
 33921 | Swamp:4  | Noticed a thorn hunter
 33930 | Swamp:3  | Killed a thorn hunter
 34231 | Swamp:4  | Noticed a thorn hunter
 34249 | Swamp:4  | Killed a thorn hunter
 34317 | Swamp:4  | Reached skill level 14 in Fighting
 34324 | Swamp:4  | Reached skill level 4 in Air Magic
 34374 | Swamp:3  | HP: 38/146 [11-headed hydra (8)]
 34382 | Swamp:3  | HP: 34/146 [swamp worm (10)]
 35077 | Swamp:4  | Reached skill level 10 in Dodging
 35151 | Swamp:3  | Reached skill level 7 in Spellcasting
 35151 | Swamp:3  | Reached XP level 17. HP: 53/152 MP: 10/27
 35496 | Swamp:4  | Reached skill level 5 in Air Magic
 35830 | Swamp:4  | Got a decaying rune of Zot
 36130 | Snake:1  | Entered Level 1 of the Snake Pit
 36493 | Snake:1  | Reached skill level 6 in Charms
 37148 | Snake:1  | Noticed Asterion
 37161 | Snake:1  | Killed Asterion
 37161 | Snake:1  | Reached skill level 11 in Dodging
 37182 | Snake:1  | Found Ysmurias's Magic Scroll Shoppe.
 37243 | Snake:1  | Reached skill level 15 in Fighting
 37443 | Snake:2  | Reached skill level 7 in Charms
 38002 | Snake:2  | Reached skill level 12 in Dodging
 38574 | Snake:3  | Reached XP level 18. HP: 158/163 MP: 28/28
 38965 | Snake:3  | Reached skill level 8 in Charms
 39628 | Snake:3  | Reached skill level 13 in Dodging
 40192 | Snake:4  | Entered Level 4 of the Snake Pit
 40192 | Snake:4  | Noticed tstbtto's ghost (adept DDFi)
 40200 | Snake:3  | Reached skill level 8 in Spellcasting
 40326 | Snake:4  | Reached skill level 1 in Evocations
 40452 | Snake:4  | --woah, 3?EA all at once!
 40491 | Snake:4  | Reached skill level 2 in Evocations
 40624 | Lair:1   | Learned a level 2 spell: Cure Poison
 40714 | Snake:4  | Banished tstbtto's ghost
 41025 | Snake:4  | Reached skill level 3 in Evocations
 41224 | Snake:4  | Reached skill level 14 in Dodging
 41240 | Snake:4  | Reached skill level 4 in Evocations
 41664 | Snake:4  | Reached skill level 5 in Evocations
 41763 | Snake:4  | Got a serpentine rune of Zot
 42324 | Vaults:1 | Entered Level 1 of the Vaults
 42830 | Vaults:1 | Gained mutation: You regenerate magic rapidly. [demonic ancestry]
 42830 | Vaults:1 | Reached XP level 19. HP: 153/170 MP: 29/31
 42838 | Vaults:1 | Reached skill level 6 in Evocations
 42851 | Vaults:1 | Reached skill level 15 in Dodging
 42885 | Vaults:1 | Found a shattered altar of Ashenzari.
 43189 | Vaults:1 | Noticed tstbtto's ghost (adept DDFi)
 43250 | Vaults:1 | Killed tstbtto's ghost
 43813 | Vaults:1 | Reached skill level 7 in Evocations
 44556 | Vaults:2 | Reached skill level 16 in Dodging
 44639 | Vaults:2 | Reached skill level 8 in Evocations
 45048 | Vaults:2 | Reached skill level 9 in Evocations
 45448 | Vaults:2 | Got a pair of brightly glowing gloves
 45449 | Vaults:2 | Identified the +3 pair of gloves of the Nightingale {Regen+} (You found it on level 2 of the Vaults)
 45723 | Vaults:2 | Reached skill level 10 in Evocations
 45758 | Vaults:2 | Reached XP level 20. HP: 178/178 MP: 32/32
 45863 | Vaults:1 | Reached skill level 16 in Armour
 46467 | Vaults:3 | Found Fyirchino's Antique Weapon Emporium.
 46645 | Vaults:3 | Learned a level 6 spell: Haste
 46692 | Vaults:3 | Found a staircase to the Crypt.
 46704 | Vaults:3 | Reached skill level 11 in Evocations
 48027 | Vaults:4 | Reached skill level 12 in Evocations
 48132 | Vaults:4 | Reached skill level 15 in Long Blades
 48635 | Vaults:4 | Reached skill level 9 in Charms
 48937 | Vaults:4 | Reached XP level 21. HP: 169/184 MP: 30/33
 49715 | Crypt:1  | Entered Level 1 of the Crypt
 49764 | Crypt:1  | Reached skill level 10 in Charms
 50074 | Crypt:1  | Reached skill level 16 in Long Blades
 50566 | Crypt:1  | HP: 51/184 [flayed ghost/flay_damage[a death knight] (23)]
 50838 | Crypt:1  | Reached skill level 11 in Charms
 51057 | Crypt:1  | Upgraded the game from 0.19-a0-753-gae73b43 to 0.19-a0-790-ge39e1af
 51252 | Crypt:2  | Noticed Donald
 51296 | Crypt:1  | Killed Donald
 51419 | Crypt:2  | Noticed Margery
 51430 | Crypt:2  | Killed Margery
 51656 | Crypt:2  | Noticed Jory
 51723 | Crypt:2  | Noticed a greater mummy
 51957 | Crypt:2  | Killed a greater mummy
 51957 | Crypt:2  | Reached skill level 12 in Charms
 52005 | Crypt:2  | Noticed Boris
 52084 | Crypt:2  | Killed Boris
 52084 | Crypt:2  | Reached skill level 17 in Long Blades
 52224 | Crypt:2  | Killed Jory
 52236 | Crypt:2  | Noticed Khufu
 52238 | Crypt:2  | Noticed a greater mummy
 52492 | Crypt:1  | Killed Khufu
 52539 | Crypt:2  | Killed a greater mummy
 52786 | Crypt:3  | Entered Level 3 of the Crypt
 52802 | Crypt:3  | Gained mutation: You are very robust. (+20% HP) [demonic ancestry]
 52802 | Crypt:3  | Reached XP level 22. HP: 165/208 MP: 34/34
 53250 | Crypt:3  | Found a staircase to the Tomb.
 53401 | Crypt:3  | Reached skill level 13 in Charms
 53497 | Crypt:3  | Found a basalt altar of Yredelemnul.
 54023 | Crypt:3  | Reached skill level 18 in Long Blades
 54125 | Crypt:3  | Identified Borgnjor's Grimoire of Dark Secrets
 55428 | Lair:1   | Learned a level 3 spell: Regeneration
 55431 | Lair:1   | Learned a level 2 spell: Blink
 55549 | Elf:1    | Entered Level 1 of the Elven Halls
 55636 | Elf:1    | Found Ecwenorui's Antique Weapon Shoppe.
 55659 | Elf:1    | Reached skill level 14 in Charms
 55707 | Elf:1    | Bought an ebony great sword for 322 gold pieces
 55710 | Elf:1    | Identified the +7 great sword of Xevvyis {drain, rPois rC- Str+6 SInv} (You bought it in a shop on level 1 of the Elven Halls)
 55913 | Elf:1    | Reached skill level 17 in Armour
 56565 | Elf:2    | Learned a level 1 spell: Apportation
 56567 | Elf:2    | Learned a level 1 spell: Summon Butterflies
 57084 | Elf:2    | Reached skill level 18 in Armour
 57134 | Elf:2    | Found a runed gate.
 57136 | Elf:2    | Found a runed gate.
 57137 | Elf:2    | Found a runed gate.
 57175 | Elf:2    | Upgraded the game from 0.19-a0-790-ge39e1af to 0.19-a0-805-g0a78ef0
 57349 | Elf:2    | Reached XP level 23. HP: 192/217 MP: 33/35
 58116 | Elf:3    | Entered Level 3 of the Elven Halls
 58809 | Elf:3    | Reached skill level 19 in Armour
 59129 | Elf:3    | Reached skill level 15 in Charms
 59185 | Elf:3    | Got a twitching graven amulet
 59253 | Elf:3    | Noticed Ijustatesigmund's ghost (veteran FoFi)
 59289 | Elf:2    | Identified the amulet of Totzoel {+Rage rN++} (You took it off a deep elf death mage on level 3 of the Elven Halls)
 59423 | Elf:3    | Killed Ijustatesigmund's ghost
 59581 | Elf:3    | Identified a +9 rod of inaccuracy (8/11) {!a} (You took it off a deep elf death mage on level 3 of the Elven Halls)
 59719 | Elf:3    | Identified the Incunabulum of Creative Transmigration
 59779 | Elf:3    | Got a fine gossamer ring
 59780 | Elf:3    | Identified the ring "Jybisala" {Int+2 SInv} (You found it on level 3 of the Elven Halls)
 60305 | Elf:3    | Got a crude ice dragon armour
 60306 | Elf:3    | Identified the +7 ice dragon armour "Zoacw" {-Cast rF- rC++ rN+ Str+2 Dex+5} (You found it on level 3 of the Elven Halls)
 60643 | Snake:1  | Bought a scroll of holy word for 120 gold pieces
 60643 | Snake:1  | Bought a scroll of enchant weapon for 120 gold pieces
 60643 | Snake:1  | Bought a scroll of amnesia for 56 gold pieces
 60819 | D:12     | Reached skill level 20 in Armour
 60903 | Depths:1 | Entered Level 1 of the Depths
 60980 | Depths:1 | Found a magical portal.
 60986 | Depths:1 | Found Usolan's Quality Used Wands.
 60992 | WizLab   | Entered The Hall of the Hellbinder
 61736 | WizLab   | Found a burning altar of Makhleb.
 61773 | WizLab   | Identified the Volume of the Entourage
 61775 | WizLab   | Identified the Compendium of Calling
 62040 | Depths:1 | Noticed Mara
 62046 | Depths:1 | Noticed Gorice's illusion
 62197 | Depths:1 | Killed Mara
 62227 | Depths:1 | Reached skill level 9 in Spellcasting
 62413 | Depths:1 | Bought a wand of heal wounds (0/9) for 552 gold pieces
 62497 | D:15     | Upgraded the game from 0.19-a0-805-g0a78ef0 to 0.19-a0-811-gf4045fb
 62593 | Depths:1 | Found a one-way gate to the infinite horrors of the Abyss.
 62830 | Depths:1 | Found a gateway to Hell.
 63168 | Depths:1 | Reached XP level 24. HP: 209/225 MP: 36/36
 63213 | Depths:1 | Reached skill level 16 in Charms
 63451 | Depths:1 | Reached skill level 1 in Translocations
 63456 | Depths:1 | Reached skill level 1 in Summonings
 63469 | Depths:1 | Reached skill level 10 in Spellcasting
 63520 | Depths:1 | Reached skill level 2 in Summonings
 63554 | Depths:1 | Reached skill level 2 in Translocations
 63725 | Depths:1 | Reached skill level 3 in Summonings
 63776 | Depths:1 | Reached skill level 3 in Translocations
 64071 | Depths:1 | Reached skill level 4 in Summonings
 64235 | Depths:1 | Reached skill level 4 in Translocations
 64461 | Depths:2 | Reached skill level 5 in Summonings
 64807 | Depths:2 | Found Kiworeaxt's Antique Armour Emporium.
 64811 | Depths:2 | Reached skill level 11 in Spellcasting
 64983 | Depths:2 | Upgraded the game from 0.19-a0-811-gf4045fb to 0.19-a0-831-gce7da8b
 65146 | Depths:3 | Reached skill level 5 in Translocations
 65241 | Depths:3 | Reached skill level 21 in Armour
 65337 | Depths:3 | Reached skill level 6 in Translocations
 65416 | Depths:3 | Gained mutation: You are extremely robust. (+30% HP) [demonic ancestry]
 65416 | Depths:3 | Reached XP level 25. HP: 201/252 MP: 34/38
 65546 | Depths:3 | Noticed Mennas
 65585 | Depths:3 | Killed Mennas
 65585 | Depths:3 | Reached skill level 12 in Spellcasting
 65936 | Depths:3 | Found a one-way gate leading to the halls of Pandemonium.
 66424 | Depths:3 | Upgraded the game from 0.19-a0-831-gce7da8b to 0.19-a0-854-gc78d25d
 67072 | Depths:4 | Reached skill level 13 in Spellcasting
 67383 | Depths:4 | Reached skill level 22 in Armour
 67922 | Depths:4 | Reached skill level 17 in Dodging
 67946 | Depths:4 | Found a gateway to a ziggurat.
 68500 | D:15     | Identified a +4 rod of ignition (11/11) {!a} (You took it off a tengu reaver on level 4 of the Depths)
 68561 | D:15     | Killed Roxanne
 68563 | D:15     | Identified Roxanne's Reference Book on Transmutation (You took it off Roxanne on level 15 of the Dungeon)
 68775 | Depths:4 | Reached XP level 26. HP: 254/261 MP: 39/40
 69029 | Depths:4 | Got an uncursed ancient great mace {crush}
 69030 | Depths:4 | Identified the +8 great mace "Uriqioj" {crush, Str+3} (You took it off a yaktaur on level 4 of the Depths)
 69093 | Depths:5 | Entered Level 5 of the Depths
 69193 | Depths:5 | Reached skill level 19 in Long Blades
 69223 | Depths:5 | Found a gate to the Realm of Zot.
 69262 | Depths:5 | Upgraded the game from 0.19-a0-854-gc78d25d to 0.19-a0-860-g5c370dd
 69901 | Depths:5 | Reached skill level 18 in Dodging
 71499 | Vaults:5 | Entered Level 5 of the Vaults
 71783 | Vaults:5 | HP: 63/261 [flayed ghost/flay_damage (31)]
 71788 | Vaults:5 | HP: 78/261 [fire giant/great sword of flaming (4)]
 72202 | Vaults:5 | Reached skill level 20 in Long Blades
 72305 | Vaults:5 | Reached skill level 19 in Dodging
 72665 | Vaults:5 | Gained mutation: When low on magic, you restore magic in place of health. [demonic ancestry]
 72665 | Vaults:5 | Reached XP level 27. HP: 246/269 MP: 38/40
 73128 | Vaults:5 | Got a silver rune of Zot
 73334 | Vaults:5 | Found Zokhly's Distillery.
 73358 | Vaults:5 | Bought a potion of resistance for 160 gold pieces
 73465 | Vaults:5 | Reached skill level 21 in Long Blades
 74706 | Zot:1    | Entered Level 1 of the Realm of Zot
 74871 | Zot:1    | Reached skill level 20 in Dodging
 76427 | Zot:2    | HP: 80/269 [??? (43)]
 76501 | Zot:2    | Reached skill level 22 in Long Blades
 76555 | Zot:2    | Reached skill level 21 in Dodging
 76690 | Zot:2    | Noticed an orb of fire
 76690 | Zot:2    | Gained mutation: Your spells are a little easier to cast, but a little less powerful. [an orb of fire]
 76708 | Zot:2    | Killed an orb of fire
 78341 | Zot:3    | Reached skill level 22 in Dodging
 78392 | Zot:3    | Got a slimy cloak
 78393 | Zot:3    | Identified the cursed +0 cloak of Lilacs {Str+3 Stlth+} (You found it on level 3 of the Realm of Zot)
 78414 | Zot:3    | Reached skill level 23 in Long Blades
 78472 | Zot:3    | Identified the Tome of Summoning and the Rocks
 79328 | Zot:4    | Reached skill level 16 in Fighting
 79638 | Zot:1    | beem: I am beem. For help, type: !beem help
 79933 | Lair:1   | Learned a level 4 spell: Airstrike
 79937 | Lair:1   | Learned a level 3 spell: Recall
 80182 | Depths:1 | Voluntarily entered the Abyss.
 80182 | Abyss:1  | Found a corrupted altar of Lugonu.
 80188 | Abyss:1  | Found a corrupted altar of Lugonu.
 80758 | Abyss:1  | Gained mutation: Your skin changes colour to match your surroundings (Stealth+). [a neqoxec]
 80868 | Abyss:1  | Reached skill level 6 in Summonings
 80929 | Abyss:1  | Reached skill level 6 in Air Magic
 81218 | Abyss:1  | Killed Nergalle
 81744 | Abyss:2  | Reached skill level 7 in Summonings
 81790 | Abyss:2  | Reached skill level 7 in Air Magic
 81794 | Abyss:2  | Found a corrupted altar of Lugonu.
 82076 | Abyss:3  | Paralysed by you for 7 turns
 82272 | Abyss:3  | Reached skill level 8 in Summonings
 82280 | Abyss:3  | Reached skill level 8 in Air Magic
 82295 | Abyss:3  | Reached skill level 24 in Long Blades
 82335 | Abyss:3  | Got an abyssal rune of Zot
 82464 | Abyss:3  | Paralysed by accursed screaming for 1 turns
 82593 | Abyss:3  | Gained mutation: Scrolls take you a little longer to read. [a neqoxec]
 82675 | Abyss:3  | Paralysed by accursed screaming for 1 turns
 82736 | Depths:1 | Escaped the Abyss
 82737 | Depths:1 | Upgraded the game from 0.19-a0-860-g5c370dd to 0.19-a0-867-g949743d
 83111 | Slime:1  | Entered Level 1 of the Pits of Slime
 83147 | Slime:3  | Reached skill level 9 in Air Magic
 83163 | Slime:3  | Reached skill level 9 in Summonings
 83297 | Slime:5  | Entered Level 5 of the Pits of Slime
 83370 | Slime:5  | Gained mutation: You tend to lose your temper in combat. [a shining eye]
 83444 | Slime:5  | Reached skill level 17 in Fighting
 83533 | Slime:5  | HP: 79/278 [acid blob (21)]
 83534 | Slime:5  | HP: 34/278 [acid (9)]
 83537 | Slime:5  | HP: 15/278 [acid (16)]
 83541 | Slime:5  | HP: 7/278 [acid blob (2)]
 83541 | Slime:5  | HP: 3/278 [acid (4)]
 83542 | Slime:5  | Annihilated by a titanic slime creature

Vault maps used:
D:1:      kb_arrival_jail, minmay_tromino_mix6
D:3:      first_bread
D:4:      uniq_pikel
D:6:      uniq_sigmund
D:7:      vehumet_altar_wand_db, kennysheep_generic_room_14
D:8:      david_nohive_1, bh_walls_and_bars, uniq_joseph
D:9:      due_lair_maze_entry_diamond
D:10:     kennysheep_kite_vault, uniq_nergalle, uniq_maurice, uniq_sonja
D:11:     okawaru_humans
D:12:     orc_0_dummy, minmay_door_square, minmay_the_grid_3x2
D:13:     david_vaults_4, basic_altar, minmay_misc_feat_columns,
          hangedman_abyss_or_decor_passed
D:14:     kennysheep_cluttered_room, fedhas_altar_fruit_tree
D:15:     gammafunk_enter_depths_forms, lemuel_crystal_altar,
          portal_ice_cave_rime, minmay_liquid_box, serial_bayou_pond_e,
          uniq_roxanne
Temple:   compressed_dpeg_circular_temple
Lair:1:   beast_lair_carwin_large_1, st_stairs_13, infiniplex_staircase_pool,
          uniq_gastronok, uniq_urug
Lair:2:   dummy_snake_entry, uniq_harold
Lair:4:   mu_elephants_graveyard, minmay_swamp_entry_eels, uniq_nessos
Lair:5:   bh_autumn_forest_stairs
Lair:6:   grunt_lair_end_beastmaster, minmay_slime_entry_oklob_open,
          lemuel_fruit_tree, serial_bayou_shore_a, grunt_megastairs_3
Swamp:1:  evilmike_swamp_ruin_house_4, uniq_josephine, uniq_aizul
Swamp:2:  hangedman_swamp_ruin_hall, swamp_pool2
Swamp:3:  evilmike_swamp_ruin_rubble_1
Swamp:4:  swamp_basic_johnstein, swamp_pool1, nicolae_swamp_alligator_family
Snake:1:  kennysheep_six_static_rooms, serial_shops, nicolae_shop_waterfront,
          grunt_ministairs_15, hangedman_snake_corridor_cut, uniq_asterion
Snake:2:  grunt_megastairs_4
Snake:3:  spider_trap, guppyfry_snake_island
Snake:4:  snake_pit, special_room
Orc:2:    st_orc_elflike, basic_altar
Elf:1:    elf_arrival_002, serial_shops, nicolae_shop_trees,
          minmay_elf_crystal_heptagon
Elf:2:    lemuel_elevator
Elf:3:    elf_hall
Vaults:1: vaults_mumra_chevron_long, hangedman_vaults_capsules,
          hangedman_vaults_stretched_pinwheel,
          nicolae_vaults_windows_and_doors_thing,
          ontoclasm_vaults_claustrophobia, ontoclasm_vaults_misaligned,
          ontoclasm_vaults_loading_screen, basic_altar, serial_glass
Vaults:2: ontoclasm_vaults_ligature, vaults_room_corners, v_misc_29,
          hangedman_vaults_impose, dpeg_vaults_monster_box,
          nicolae_vaults_what_the_h, v_misc_13, ontoclasm_vaults_ring_square,
          hangedman_vaults_snaps, ontoclasm_vaults_chip
Vaults:3: v_alt_pattern_2, vaults_dpeg_cross, nicolae_vaults_sealed_display,
          vaults_room_stairs_pillars, ontoclasm_vaults_ring_square,
          nicolae_vaults_rhombus_7, minmay_crypt_entry_simple_corners,
          nicolae_vaults_network_quincunx, nicolae_vaults_asterisk,
          nicolae_vaults_circle_grid_a, hangedman_vaults_nails,
          ontoclasm_vaults_chip, serial_shops, nicolae_shop_behind_doors
Vaults:4: v_misc_27, vaults_mumra_minichess, ontoclasm_vaults_loading_screen,
          vaults_room_semicircle, nicolae_vaults_inception_statues,
          nicolae_vaults_specimen_jars, v_misc_26, v_misc_29,
          ontoclasm_vaults_eye, vaults_room_semicircle, ontoclasm_vaults_twist,
          nicolae_vaults_yaktaur_gun_rack
Crypt:1:  roderic_lattice_octagonal_star
Crypt:2:  lemuel_freeze_loot_1, uniq_donald, uniq_jory, uniq_margery,
          uniq_boris, uniq_khufu
Crypt:3:  church_of_pain_bobbens, tomb_entry_forgotten_bobbens,
          grunt_ministairs_8
Depths:1: grunt_bent_corner, mu_enter_wizlab_4, hellmouth_1, abyss_entry,
          nicolae_for_you_no_charge, kennysheep_random_hallway, firewood_loft,
          serial_bayou_shore_b, uniq_mara
Depths:2: minmay_curly_fans, hellmouth_3, abyss_entry, serial_shops, shop,
          spider_trap
Depths:3: kennysheep_bubbly, grunt_pan_entry_in_and_out, hell_entry,
          hangedman_decor_riveting, kennysheep_generic_room_4, uniq_mennas
Depths:4: grunt_twisty_corner, enter_ziggurat_c, grunt_hell_entry_dis_grunt,
          rand_demon_pan_entry_9, minmay_misc_feat_pillars, abyss_entry,
          serial_bayou_pond_d, infiniplex_staircase_zigzag_2
Depths:5: evilmike_zot_entry_diamond, pf_hell_entry_great_geh,
          nrook_loot_triangle
Zot:1:    kennysheep_oblong_rooms
Zot:2:    hangedman_zot_vaults_quadrants
Zot:3:    minmay_elemental_castle, zot_minivault_5
Zot:4:    st_stairs_5, st_large_dragon_hoard_3
Abyss:1:  hangedman_abyss_or_decor_jellyfish_corner
Abyss:3:  minivault_11
IceCv:    ice_cave_caverns_01
WizLab:   wizlab_demon

Skill      XL: |  1  2  3  4  5  6  7  8  9 10 11 12 13 14 15 16 17 18 19 20 21 22 23 24 25 26 27 |
---------------+----------------------------------------------------------------------------------+-----
Long Blades    | 2 3 4 7 8 10 12 13 14 15 17 18 20 24 | 24.0
Armour         | 3 5 8 10 12 13 14 15 16 18 20 21 22 | 22.0
Invocations    | 7 9 |  9.0
Fighting       | 6 10 11 13 14 15 17 | 17.0
Dodging        | 6 8 10 12 14 16 17 19 22 | 22.0
Charms         | 4 5 7 8 9 12 14 15 16 | 16.1
Spellcasting   | 4 7 8 9 11 13 | 13.0
Air Magic      | 4 5 9 |  9.5
Evocations     | 5 10 12 | 12.1
Translocations | 6 |  6.0
Summonings     | 5 9 |  9.7

Action                   |  1- 3 |  4- 6 |  7- 9 | 10-12 | 13-15 | 16-18 | 19-21 | 22-24 | 25-27 || total
-------------------------+-------+-------+-------+-------+-------+-------+-------+-------+-------++-------
Melee: Falchion          |   157 |   154 |   677 |    40 |       |       |       |       |       ||  1028
       Dagger            |       |       |     2 |       |       |       |       |       |       ||     2
       Scimitar          |       |       |       |  1080 |  2265 |   285 |       |       |       ||  3630
       Hunting sling     |       |       |       |     1 |       |       |       |       |       ||     1
       Great sword       |       |       |       |       |    12 |     4 |       |       |       ||    16
       Katana            |       |       |       |       |       |  1561 |  2093 |  2317 |  2579 ||  8550
       Triple sword      |       |       |       |       |       |       |       |       |  1504 ||  1504
 Fire: Hunting sling     |       |       |    32 |   216 |    69 |    40 |    15 |       |       ||   372
       Blowgun           |       |       |       |     4 |       |       |       |       |       ||     4
Throw: Javelin           |    10 |    15 |     6 |     5 |    13 |     4 |     7 |    27 |    21 ||   108
       Stone             |     2 |    12 |    24 |       |       |       |       |       |       ||    38
       Tomahawk          |       |       |    19 |    37 |       |       |       |       |       ||    56
       Throwing net      |       |       |     1 |     4 |       |     3 |       |       |       ||     8
 Cast: Repel Missiles    |       |       |       |       |     2 |    16 |    13 |     9 |    19 ||    59
       Cure Poison       |       |       |       |       |       |     8 |     2 |       |       ||    10
       Haste             |       |       |       |       |       |       |       |     4 |     5 ||     9
       Regeneration      |       |       |       |       |       |       |       |       |    52 ||    52
       Blink             |       |       |       |       |       |       |       |       |    16 ||    16
       Airstrike         |       |       |       |       |       |       |       |       |    20 ||    20
       Summon Butterflie |       |       |       |       |       |       |       |       |     4 ||     4
Invok: Banish            |       |       |       |     3 |       |     5 |     4 |       |       ||    12
       Bend Space        |       |       |       |       |       |     6 |       |     3 |       ||     9
       Depart the Abyss  |       |       |       |       |       |       |       |       |     1 ||     1
Evoke: Wand              |       |       |     1 |     5 |    18 |       |     1 |       |     6 ||    31
       Rod               |       |       |       |       |       |       |       |     3 |     9 ||    12
  Use: Scroll            |     4 |     5 |     7 |     6 |    20 |     5 |     3 |    13 |    20 ||    83
       Potion            |       |       |     1 |     2 |     3 |     2 |       |     1 |     1 ||    10
 Stab: Confused          |       |       |       |       |       |     1 |       |       |     1 ||     2
       Distracted        |       |       |       |       |       |       |       |     1 |     3 ||     4
  Eat: Chunk             |     4 |     4 |    16 |    28 |    43 |    32 |    25 |    31 |    44 ||   227
       Pizza             |       |       |     3 |       |     1 |     2 |     1 |     3 |       ||    10
       Bread ration      |       |       |       |       |     1 |       |     1 |       |       ||     2
       Beef jerky        |       |       |       |       |       |     3 |       |       |     2 ||     5
       Meat ration       |       |       |       |       |       |     1 |     1 |     2 |     4 ||     8
       Royal jelly       |       |       |       |       |       |       |       |       |     2 ||     2
Armor: Leather armour    |    43 |       |       |       |       |       |       |       |       ||    43
       Scale mail        |    35 |    80 |    95 |       |       |       |       |       |       ||   210
       Plate armour      |       |       |   325 |   827 |    48 |       |       |       |       ||  1200
       Pearl dragon armo |       |       |       |       |  1286 |   960 |   717 |   952 |  1779 ||  5694
Dodge: Dodged            |   115 |    83 |   226 |   341 |  1192 |  1217 |  1328 |  1742 |  2714 ||  8958
       Deflected         |       |       |       |       |     2 |    62 |    45 |    56 |    93 ||   258
Block: Buckler           |       |       |       |       |       |       |       |     4 |       ||     4

Table legend:
 A = Turns spent in this place as a percentage of turns spent in the entire game.
 B = Non-inter-level travel turns spent in this place as a percentage of non-inter-level travel turns spent in the entire game.
 C = Inter-level travel turns spent in this place as a percentage of turns spent in this place.
 D = Turns resting spent in this place as a percentage of non-inter-level travel turns spent in this place.
 E = Turns spent auto-exploring this place as a percentage of non-inter-level travel turns spent in this place.
 F = Non-inter-level travel turns spent in this place divided by the number of levels of this place that you've seen.
                   A       B       C       D       E      F
               +-------+-------+-------+-------+-------+----------------------
         Total | 100.0 | 100.0 |   0.5 |   1.6 |   2.7 | 726.1
       Dungeon |  19.4 |  19.3 |   0.9 |   2.1 |   4.1 | 588.7
        Temple |   0.1 |   0.1 |   4.2 |   0.0 |  78.3 |  23.0
          Lair |  10.5 |  10.4 |   0.9 |   1.4 |   2.9 | 793.3
         Swamp |   5.9 |   5.9 |   0.4 |   2.4 |   3.6 | 670.0
     Snake Pit |   6.8 |   6.8 |   0.5 |   3.9 |   3.3 | 780.2
    Slime Pits |   1.0 |   1.1 |   0.0 |   2.1 |   0.0 |  96.4
  Orcish Mines |   2.7 |   2.7 |   0.4 |   1.0 |   2.0 | 621.5
   Elven Halls |   6.0 |   6.0 |   0.3 |   1.5 |   2.3 | 909.3
        Vaults |  14.6 |  14.6 |   0.3 |   0.6 |   1.6 | 1333.6
         Crypt |   6.5 |   6.6 |   0.2 |   1.8 |   2.8 | 999.7
        Depths |  11.8 |  11.8 |   0.4 |   1.2 |   2.5 | 1076.8
           Zot |   6.0 |   6.0 |   0.3 |   1.1 |   4.3 | 690.8
         Abyss |   5.6 |   5.6 |   0.0 |   0.4 |   0.2 | 641.5
      Ice Cave |   1.7 |   1.7 |   0.0 |   1.3 |   0.5 | 772.0
        Wizlab |   1.6 |   1.6 |   0.0 |   3.0 |   0.3 | 728.0
               +-------+-------+-------+-------+-------+----------------------

Vault maps used:
D:1:      kb_arrival_jail, minmay_tromino_mix6
D:3:      first_bread
D:4:      uniq_pikel
D:6:      uniq_sigmund
D:7:      vehumet_altar_wand_db, kennysheep_generic_room_14
D:8:      david_nohive_1, bh_walls_and_bars, uniq_joseph
D:9:      due_lair_maze_entry_diamond
D:10:     kennysheep_kite_vault, uniq_nergalle, uniq_maurice, uniq_sonja
D:11:     okawaru_humans
D:12:     orc_0_dummy, minmay_door_square, minmay_the_grid_3x2
D:13:     david_vaults_4, basic_altar, minmay_misc_feat_columns,
          hangedman_abyss_or_decor_passed
D:14:     kennysheep_cluttered_room, fedhas_altar_fruit_tree
D:15:     gammafunk_enter_depths_forms, lemuel_crystal_altar,
          portal_ice_cave_rime, minmay_liquid_box, serial_bayou_pond_e,
          uniq_roxanne
Temple:   compressed_dpeg_circular_temple
Lair:1:   beast_lair_carwin_large_1, st_stairs_13, infiniplex_staircase_pool,
          uniq_gastronok, uniq_urug
Lair:2:   dummy_snake_entry, uniq_harold
Lair:4:   mu_elephants_graveyard, minmay_swamp_entry_eels, uniq_nessos
Lair:5:   bh_autumn_forest_stairs
Lair:6:   grunt_lair_end_beastmaster, minmay_slime_entry_oklob_open,
          lemuel_fruit_tree, serial_bayou_shore_a, grunt_megastairs_3
Swamp:1:  evilmike_swamp_ruin_house_4, uniq_josephine, uniq_aizul
Swamp:2:  hangedman_swamp_ruin_hall, swamp_pool2
Swamp:3:  evilmike_swamp_ruin_rubble_1
Swamp:4:  swamp_basic_johnstein, swamp_pool1, nicolae_swamp_alligator_family
Snake:1:  kennysheep_six_static_rooms, serial_shops, nicolae_shop_waterfront,
          grunt_ministairs_15, hangedman_snake_corridor_cut, uniq_asterion
Snake:2:  grunt_megastairs_4
Snake:3:  spider_trap, guppyfry_snake_island
Snake:4:  snake_pit, special_room
Orc:2:    st_orc_elflike, basic_altar
Elf:1:    elf_arrival_002, serial_shops, nicolae_shop_trees,
          minmay_elf_crystal_heptagon
Elf:2:    lemuel_elevator
Elf:3:    elf_hall
Vaults:1: vaults_mumra_chevron_long, hangedman_vaults_capsules,
          hangedman_vaults_stretched_pinwheel,
          nicolae_vaults_windows_and_doors_thing,
          ontoclasm_vaults_claustrophobia, ontoclasm_vaults_misaligned,
          ontoclasm_vaults_loading_screen, basic_altar, serial_glass
Vaults:2: ontoclasm_vaults_ligature, vaults_room_corners, v_misc_29,
          hangedman_vaults_impose, dpeg_vaults_monster_box,
          nicolae_vaults_what_the_h, v_misc_13, ontoclasm_vaults_ring_square,
          hangedman_vaults_snaps, ontoclasm_vaults_chip
Vaults:3: v_alt_pattern_2, vaults_dpeg_cross, nicolae_vaults_sealed_display,
          vaults_room_stairs_pillars, ontoclasm_vaults_ring_square,
          nicolae_vaults_rhombus_7, minmay_crypt_entry_simple_corners,
          nicolae_vaults_network_quincunx, nicolae_vaults_asterisk,
          nicolae_vaults_circle_grid_a, hangedman_vaults_nails,
          ontoclasm_vaults_chip, serial_shops, nicolae_shop_behind_doors
Vaults:4: v_misc_27, vaults_mumra_minichess, ontoclasm_vaults_loading_screen,
          vaults_room_semicircle, nicolae_vaults_inception_statues,
          nicolae_vaults_specimen_jars, v_misc_26, v_misc_29,
          ontoclasm_vaults_eye, vaults_room_semicircle, ontoclasm_vaults_twist,
          nicolae_vaults_yaktaur_gun_rack
Crypt:1:  roderic_lattice_octagonal_star
Crypt:2:  lemuel_freeze_loot_1, uniq_donald, uniq_jory, uniq_margery,
          uniq_boris, uniq_khufu
Crypt:3:  church_of_pain_bobbens, tomb_entry_forgotten_bobbens,
          grunt_ministairs_8
Depths:1: grunt_bent_corner, mu_enter_wizlab_4, hellmouth_1, abyss_entry,
          nicolae_for_you_no_charge, kennysheep_random_hallway, firewood_loft,
          serial_bayou_shore_b, uniq_mara
Depths:2: minmay_curly_fans, hellmouth_3, abyss_entry, serial_shops, shop,
          spider_trap
Depths:3: kennysheep_bubbly, grunt_pan_entry_in_and_out, hell_entry,
          hangedman_decor_riveting, kennysheep_generic_room_4, uniq_mennas
Depths:4: grunt_twisty_corner, enter_ziggurat_c, grunt_hell_entry_dis_grunt,
          rand_demon_pan_entry_9, minmay_misc_feat_pillars, abyss_entry,
          serial_bayou_pond_d, infiniplex_staircase_zigzag_2
Depths:5: evilmike_zot_entry_diamond, pf_hell_entry_great_geh,
          nrook_loot_triangle
Zot:1:    kennysheep_oblong_rooms
Zot:2:    hangedman_zot_vaults_quadrants
Zot:3:    minmay_elemental_castle, zot_minivault_5
Zot:4:    st_stairs_5, st_large_dragon_hoard_3
Abyss:1:  hangedman_abyss_or_decor_jellyfish_corner
Abyss:3:  minivault_11
IceCv:    ice_cave_caverns_01
WizLab:   wizlab_demon
